 Dungeon Crawl Stone Soup version 0.29.1-2-gbd0b4ee654 (webtiles) character file.

Game seed: 831151062076849380

79 GorkyZ the Cudgeller (level 4, -16/27 HPs)
             Began as a Gargoyle Gladiator on Dec 1, 2022.
             Engulfed by a cloud of flame (20 damage)
             ... on level 3 of the Dungeon.
             The game lasted 00:04:00 (2651 turns).

GorkyZ the Cudgeller (Gargoyle Gladiator)           Turns: 2651, Time: 00:04:05

Health: -16/27     AC: 16    Str: 20    XL:     4   Next: 38%
Magic:  0/4        EV:  6    Int:  8    God:
Gold:   140        SH:  0    Dex: 11    Spells: 3/3 levels left

rFire   . . .      SeeInvis .   a - +1 flail
rCold   . . .      Faith    .   (no shield)
rNeg    + . .      Spirit   +   q - +0 plate armour
rPois   ∞          Reflect  .   n - +1 helmet
rElec   +          Harm     .   (no cloak)
rCorr   .          Rampage  .   (no gloves)
Will    .....                   (no boots)
Stlth   ..........              i - amulet of guardian spirit
HPRegen 0.09/turn               (no ring)
MPRegen 0.09/turn               (no ring)

@: no status effects
A: sickness immunity, AC +3, negative energy resistance 1, electricity
resistance, torment resistance 1, petrification resistance
a: no special abilities


You were on level 3 of the Dungeon.
You visited 1 branch of the dungeon, and saw 3 of its levels.

You collected 140 gold pieces.

Inventory:

Hand Weapons
 a - a +1 flail (weapon)
 o - a +0 whip
Missiles
 d - 3 throwing nets (quivered)
 e - a javelin
Armour
 b - a +0 leather armour
 c - a +0 helmet
 n - a +1 helmet (worn)
 q - a +0 plate armour (worn)
Jewellery
 i - an amulet of guardian spirit (around neck)
Scrolls
 k - 2 scrolls of immolation
Potions
 f - 4 potions of attraction
 h - a potion of cancellation
 j - a potion of brilliance {unknown}
 l - a potion of lignification {unknown}
 m - 2 potions of might {unknown}
 p - 2 potions of curing {unknown}


   Skills:
 + Level 2.8 Fighting
 * Level 3.7 Maces & Flails
 + Level 2.3 Throwing
 + Level 1.3 Armour
 + Level 2.7 Dodging


You had 3 spell levels left.
You didn't know any spells.
Your spell library contained the following spells:

 Spells                   Type           Power      Damage    Failure   Level
 Summon Small Mammal      Summ           0%         N/A       100%        1
 Call Canine Familiar     Summ           0%         N/A       100%        3
 Summon Guardian Golem    Hex/Summ       0%         N/A       100%        3


Dungeon Overview and Level Annotations

Branches:
Dungeon (3/15)

Altars:


Innate Abilities, Weirdness & Mutations

You are immune to sickness and miasma.
Your stone body is resilient. (AC +3)
You are immune to poison.
You resist negative energy. (rN+)
You are resistant to electric shocks. (rElec)
You are resistant to unholy torment.
You are immune to petrification.


Message History

You start putting on your armour.
You continue putting on your +0 plate armour. x5
You finish putting on your +0 plate armour.
You now have 125 gold pieces (gained 9).
You now have 140 gold pieces (gained 15).
Found a stone staircase leading up.
There is a stone staircase leading up here.
Done exploring.
Done exploring.
There is a stone staircase leading down here.
You climb downwards.
Found a blue potion.
Found a stone staircase leading up.
There is a stone staircase leading up here.
As you read the scroll labelled MOXONE IHICOSA, it crumbles to dust.
Your body is wracked with pain!
The goblin convulses!
It was a scroll of torment.
As you read the scroll labelled DIRUONK ONOYV, it crumbles to dust.
The creatures around you are filled with an inner flame!
It was a scroll of immolation.
There is a stone staircase leading up here.
You closely miss the goblin.
The goblin is moderately wounded.
The goblin hits you but does no damage.
You closely miss the goblin.
The goblin is moderately wounded.
The goblin hits you but does no damage.
You closely miss the goblin. Your punch misses the goblin.
The goblin is moderately wounded.
The goblin hits you but does no damage.
You hit the goblin but do no damage.
The goblin is moderately wounded.
The goblin hits you but does no damage.
You hit the goblin.
The goblin explodes!
The fiery explosion engulfs you!!
Ouch! That really hurt!
* * * LOW HITPOINT WARNING * * *
You are engulfed in blazing flames.
Ouch! That really hurt!
You die...

.#####
......
#......
##
#......#.
#....<..
#.......
#.....§##
#.§§@#
#.§.§#
#...<#
#!..####
#...##
..# #


There were no monsters in sight!

Vanquished Creatures
  2 adders (D:2)
  A worm (D:2)
  A dart slug (D:2)
  4 ball pythons
  6 endoplasms
  3 giant cockroaches (D:1)
  8 goblins
  8 hobgoblins
  2 quokkas (D:1)
  9 bats
  2 frilled lizards
  5 kobolds
  2 rats (D:1)
53 creatures vanquished.

Notes
Turn   | Place    | Note
-------+----------+-------------------------------------------
     0 | D:1      | GorkyZ the Gargoyle Gladiator began the quest for the Orb.
     0 | D:1      | Reached XP level 1. HP: 12/12 MP: 1/1
   297 | D:1      | Found a faded altar of an unknown god.
   475 | D:1      | Reached XP level 2. HP: 14/17 MP: 2/2
  1275 | D:1      | Reached XP level 3. HP: 20/22 MP: 3/3
  1750 | D:2      | Reached skill level 1 in Armour
  1936 | D:2      | Reached XP level 4. HP: 23/27 MP: 4/4
  2651 | D:3      | Engulfed by a cloud of flame

Illustrated notes

Levels and vault maps discovered:
D:1:      shiori_arrival_maze, layout_loops_corners,
          ebering_ecumenical_altar_box, minmay_tromino_v7
D:2:      layout_rooms, kennysheep_generic_room_4
D:3:      minmay_octagon_keep, layout_rooms, old_standard_altar,
          mainiacjoe_overflow_swirl

Skill      XL: |  1  2  3 |
---------------+----------+-----
Throwing       | 2 |  2.3
Armour         | 1 |  1.3
Fighting       | |  2.8
Maces & Flails | |  3.7
Dodging        | |  2.7

Action                   |  1- 3 |  4- 6 || total
-------------------------+-------+-------++-------
Melee: Flail             |   124 |    52 ||   176
       Punch             |       |     1 ||     1
  Use: Scroll            |     5 |     2 ||     7
Armor: Leather armour    |    70 |    15 ||    85
       Plate armour      |       |     4 ||     4
Dodge: Dodged            |   106 |    33 ||   139
